 Dungeon Crawl Stone Soup version 0.30-a0-900-g23479c02f2 (webtiles) character file.

Game seed: 13897176037146243051

644 cforsyth the Trooper (level 7, -28/75 HPs)
             Began as an Ogre Gladiator on Mar 19, 2023.
             Was an Initiate of Okawaru.
             Annihilated by a two-headed ogre
             ... wielding a +0 giant spiked club
              (35 damage)
             ... on level 5 of the Dungeon.
             The game lasted 00:06:40 (5350 turns).

cforsyth the Trooper (Ogre Gladiator)               Turns: 5350, Time: 00:06:41

Health: -28/75     AC:  3    Str: 21    XL:     7   Next: 52%
Magic:  0/7        EV: 11    Int:  9    God:    Okawaru [......]
Gold:   244        SH:  0    Dex: 10    Spells: 6/6 levels left

rFire   + . .      SeeInvis .    a - +1 war axe
rCold   + . .      Faith    .    (no shield)
rNeg    . . .      Spirit   +    b - +0 robe
rPois   .          Reflect  .    c - +0 hat
rElec   .          Rampage  .    t - scarf {rC+ rF+}
rCorr   .                        (gloves unavailable)
Will    .....                    (boots unavailable)
Stlth   +                        n - amulet of guardian spirit
HPRegen 0.32/turn                (no ring)
MPRegen 0.10/turn                (no ring)

@: no status effects
A: large, unfitting armour, tough skin 1
a: Renounce Religion


You were on level 5 of the Dungeon.
You worshipped Okawaru.
Okawaru was noncommittal.
You visited 2 branches of the dungeon, and saw 6 of its levels.

You collected 244 gold pieces.

Inventory:

Hand Weapons
 a - a +1 war axe (weapon)
Armour
 b - a +0 robe (worn)
 c - a +0 hat (worn)
 t - a scarf of resistance (worn)
Jewellery
 n - an amulet of guardian spirit (around neck)
Wands
 v - a wand of flame (22)
Scrolls
 h - a scroll of poison {unknown}
 j - 7 scrolls of teleportation {unknown}
 k - 2 scrolls of enchant weapon
 l - 5 scrolls of identify {unknown}
 m - 2 scrolls of blinking {unknown}
 r - 2 scrolls of fear {unknown}
 u - a scroll of summoning {unknown}
Potions
 f - a potion of haste {unknown}
 g - 5 potions of curing
 i - 2 potions of might {unknown}
 o - a potion of heal wounds {unknown}
 p - 2 potions of berserk rage {unknown}
 q - a potion of mutation {unknown}
 s - a potion of brilliance {unknown}


   Skills:
 + Level 6.1 Fighting
 + Level 5.2 Axes
 - Level 3.2 Throwing
 + Level 4.7 Dodging


You had 6 spell levels left.
You didn't know any spells.
Your spell library contained the following spells:

 Spells                   Type           Power      Damage    Failure   Level
 Apportation              Tloc           0%         N/A       38%         1
 Kiss of Death            Conj/Necr      0%         2d5       38%         1
 Lesser Beckoning         Tloc           0%         N/A       52%         2
 Sublimation of Blood     Necr           0%         N/A       52%         2
 Wereblood                Tmut           0%         N/A       52%         2
 Confusing Touch          Hex            0%         N/A       77%         3
 Gell's Gravitas          Tloc           0%         N/A       77%         3
 Teleport Other           Tloc           0%         N/A       77%         3
 Dispel Undead            Necr           0%         3d6       99%         4
 Alistair's Intoxication  Tmut/Pois      0%         N/A       100%        5
 Blade Hands              Tmut           0%         N/A       100%        5
 Dispersal                Tloc           0%         N/A       100%        6
 Iron Shot                Conj/Erth      0%         9d1       100%        6
 Animate Armour           Summ/Erth      Unusable   N/A       N/A         4
 Summon Hydra             Summ           Unusable   N/A       N/A         7

Dungeon Overview and Level Annotations

Branches:
Dungeon (5/15)             Temple (1/1) D:4

Altars:
Cheibriados
Fedhas
Kikubaaqudgha
Makhleb
Nemelex Xobeh
Okawaru
Uskayaw
Yredelemnul

Shops:
D:2 (

Annotations:
D:4 3 runed translucent doors, gelatine's ghost, novice DsGl; patfeehan111222's ghost, amateur MiBe


Innate Abilities, Weirdness & Mutations

You are too large for most types of armour.
You have tough skin. (AC +1)


Message History

No target in view!
You now have 244 gold pieces (gained 14).
A two-headed ogre comes into view.
It is wielding a +0 giant spiked club and a +0 giant club.
The two-headed ogre shouts in stereo!
A two-headed ogre is nearby!
A two-headed ogre is nearby!
A two-headed ogre is nearby!
A two-headed ogre is nearby!
Okay, then.
You throw a throwing net.
The throwing net barely misses the two-headed ogre.
The two-headed ogre hits you with a +0 giant spiked club!
The two-headed ogre barely misses you.
You throw a large rock.
The large rock hits the two-headed ogre!!
The two-headed ogre is moderately wounded.
The two-headed ogre barely misses you. The two-headed ogre closely misses you.
Unknown command.
Nothing quivered!
Unknown command.
Nothing quivered!
You barely miss the two-headed ogre.
The two-headed ogre is moderately wounded.
The two-headed ogre hits you with a +0 giant spiked club!
The two-headed ogre hits you with a +0 giant club!!
You barely miss the two-headed ogre.
The two-headed ogre is moderately wounded.
The two-headed ogre hits you with a +0 giant spiked club!!
* * * LOW HITPOINT WARNING * * *
The two-headed ogre completely misses you.
It was a potion of curing.
You feel better.
You feel better.
The two-headed ogre hits you with a +0 giant spiked club!!
* * * LOW HITPOINT WARNING * * *
The two-headed ogre barely misses you.
As you read the scroll labelled VAEHODW ZONOSA, it crumbles to dust.
It is a scroll of enchant weapon.
Your +0 war axe glows red for a moment.
The two-headed ogre hits you with a +0 giant spiked club!!
You die...

##############
#?......(....#
#......O.....#
#....$@......#
########...###...##
###....###...####+##
#..................#
#..................#
#..................#
#.......##...##....#
##......##...##....#
#..>....##...##.....#


You could see a two-headed ogre.

Vanquished Creatures
  A centaur (D:5)
  A phantom (D:4)
  3 scorpions
  A hound (D:4)
  An orc priest (D:3)
  Jessica (D:2)
  Natasha (thrice) (D:2)
  6 adders
  A gnoll (D:1)
  3 worms
  A dart slug (D:5)
  8 orcs
  5 ball pythons
  7 endoplasms
  7 giant cockroaches
  11 hobgoblins
  3 jackals (D:4)
  4 quokkas
  3 bats
  8 goblins
  12 kobolds
  3 rats
93 creatures vanquished.

Vanquished Creatures (others)
  4 withered plants (D:4)
4 creatures vanquished.

Grand Total: 97 creatures vanquished

Notes
Turn   | Place    | Note
-------+----------+-------------------------------------------
     0 | D:1      | cforsyth the Ogre Gladiator began the quest for the Orb.
     0 | D:1      | Reached XP level 1. HP: 22/22 MP: 1/1
   104 | D:1      | Reached XP level 2. HP: 25/29 MP: 2/2
   110 | D:1      | You fall into a shaft and drop 1 floor!
   117 | D:2      | Reached skill level 3 in Fighting
   417 | D:1      | Reached XP level 3. HP: 37/37 MP: 3/3
  1219 | D:2      | Noticed Natasha
  1228 | D:2      | Killed Natasha
  1229 | D:2      | Reached XP level 4. HP: 17/48 MP: 4/4
  1370 | D:2      | Found a faded altar of an unknown god.
  1382 | D:2      | Noticed Jessica
  1387 | D:2      | Killed Jessica
  1427 | D:2      | Noticed Natasha
  1431 | D:2      | Killed Natasha
  1432 | D:2      | Reached skill level 4 in Fighting
  1432 | D:2      | Reached XP level 5. HP: 54/54 MP: 5/5
  1532 | D:2      | Found Pantilor's Weapon Shoppe.
  2204 | D:3      | Found a burning altar of Makhleb.
  2800 | D:2      | Noticed Natasha
  2808 | D:2      | Killed Natasha
  2809 | D:2      | Reached XP level 6. HP: 38/63 MP: 6/6
  3592 | D:4      | Reached skill level 5 in Fighting
  3792 | D:4      | Found a staircase to the Ecumenical Temple.
  4066 | Temple   | Entered the Ecumenical Temple
  4104 | Temple   | Became a worshipper of Warmaster Okawaru
  4311 | D:4      | Found a runed translucent gate.
  4311 | D:4      | Found a runed translucent gate.
  4318 | D:4      | Found a runed translucent gate.
  4320 | D:4      | Noticed patfeehan111222's ghost (amateur MiBe)
  4320 | D:4      | Noticed gelatine's ghost (novice DsGl)
  4653 | D:5      | Entered Level 5 of the Dungeon
  4672 | D:4      | Reached XP level 7. HP: 45/72 MP: 3/7
  4947 | D:5      | Reached skill level 6 in Fighting
  4947 | D:5      | Reached skill level 5 in Axes
  5342 | D:5      | Noticed a two-headed ogre
  5350 | D:5      | Annihilated by a two-headed ogre

Illustrated notes

Levels and vault maps discovered:
D:1:      wander_arrival_desolate, layout_basic
D:2:      layout_loops_cross, serial_shops, shop,
          hellmonk_ecumenical_altar_heavens_door, uniq_jessica, uniq_natasha
D:3:      layout_rooms, general_overflow_altar, saegor_snake_ambush
D:4:      layout_loops_corners, minmay_temple_entry_poolview,
          gammafunk_ghost_cemetery, skrybe_limestone_x
D:5:      layout_gridville, nicolae_dithmenos_through_a_glass_darkly
Temple:   nicolae_temple_superstar

Skill      XL: |  1  2  3  4  5  6  7 |
---------------+----------------------+-----
Fighting       | 3 4 5 6 |  6.1
Dodging        | 3 4 |  4.7
Throwing       | 3 |  3.2
Axes           | 4 5 |  5.2

Action                     |  1- 3 |  4- 6 |  7- 9 || total
---------------------------+-------+-------+-------++-------
  Melee: War axe           |    67 |   182 |    42 ||   291
         Punch             |       |     2 |       ||     2
  Throw: Throwing net      |     2 |     3 |     1 ||     6
         Large rock        |       |       |     1 ||     1
    Use: Potion            |       |       |     2 ||     2
         Scroll            |       |       |     1 ||     1
   Stab: Sleeping          |     1 |     1 |       ||     2
 Armour: Robe              |    19 |    43 |    15 ||    77
  Dodge: Dodged            |    26 |   111 |    52 ||   189

Table legend: (Time is in decaauts)
 A = Elapsed time spent in this place.
 B = Non-inter-level travel time spent in this place.
 C = Inter-level travel time spent in this place.
 D = Time resting spent in this place.
 E = Time spent auto-exploring this place.
 F = Levels seen in this place.
 G = Mean time per level.
                   A        B        C        D        E       F      G
               +--------+--------+--------+--------+--------+-----+--------+
         Total |   5447 |   5196 |    251 |    648 |   3690 |   6 |  907.8 |
       Dungeon |   5384 |   5159 |    225 |    648 |   3669 |   5 | 1076.8 |
        Temple |     63 |     38 |     25 |      0 |     21 |   1 |   63.0 |
               +--------+--------+--------+--------+--------+-----+--------+

Top non-repeatable levels by time:
     D:2: 1572 daAuts
     D:4: 1332 daAuts
     D:1: 1012 daAuts
     D:3: 859 daAuts
     D:5: 607 daAuts
  Temple: 63 daAuts
